Map: Cyber Forest LE

Players

Seither

  • Race: Terran Terran
  • Spawn Location: 11:00

Silky - Winner!

  • Race: Zerg Zerg
  • Spawn Location: 5:00

Event: 2019 WCS Winter Americas

VOD

Have the link to the VOD?

Description

Time

  • Played on: Feb. 9, 2019, 1:40 p.m.
  • Length: 13:02

All games in this series

Show
View Real Time Build Order
Export as new Build Order

Seither Terran 

Build Orders: Gas First Reaper Expand, Liberator Opening, Mech 

Get SALT Encoding   

  12  0:00  SCV  
  13  0:13  SCV  
  14  0:18  Supply Depot  
  14  0:25  SCV  
  15  0:29  Refinery  
  15  0:39  SCV  
  16  0:45  Barracks  
  16  0:51  SCV  
  17  1:03  SCV  
  18  1:15  SCV  
  19  1:32  Orbital Command  
  19  1:33  Reaper  
  20  1:44  Command Center  
  20  1:55  Factory  
  20  2:02  SCV  
  20  2:08  Barracks Reactor  
  21  2:14  SCV  
  22  2:16  Supply Depot  
  22  2:19  Refinery  
  22  2:26  SCV  
  23  2:38  SCV  
  24  2:47  Starport  
  28  2:51  Hellion x2  
  28  2:52  Marine  
  28  2:55  SCV  
  30  2:58  Orbital Command  
  30  3:07  SCV  
  31  3:14  Widow Mine x2  
  31  3:17  Marine  
  36  3:25  Medivac  
  36  3:26  SCV  
  39  3:27  Supply Depot  
  39  3:29  SCV  
  40  3:42  SCV x2  
  42  3:51  Command Center  
  42  3:57  SCV x2, Liberator  
  42  4:01  Hellion  
  42  4:02  Hellion  
  48  4:07  Supply Depot  
  48  4:10  SCV x2  
  53  4:23  SCV, Supply Depot  
  54  4:29  SCV  
  54  4:30  Refinery x2  
  55  4:33  Hellion  
  55  4:35  Hellion  
  59  4:39  SCV  
  59  4:41  SCV  
  61  4:52  Armory x2  
  57  4:54  SCV x2  
  57  4:59  Hellion  
  61  5:03  Orbital Command  
  61  5:06  SCV  
  61  5:07  SCV  
  59  5:18  Barracks Tech Lab  
  59  5:19  Starport Tech Lab  
  59  5:20  Factory  
  59  5:21  SCV, Factory  
  60  5:23  SCV  
  61  5:31  SCV  
  61  5:33  SCV  
  61  5:34  Hellion x2  
  67  5:40  SCV  
  65  5:43  SCV  
  66  5:51  Terran Vehicle And Ship Armor Level 1, Orbital Command, Terran Vehicle Weapons Level 1  
  66  5:57  SCV x2  
  66  6:01  Hellion x2  
  66  6:03  Refinery  
  72  6:05  Refinery  
  72  6:11  SCV x2  
  72  6:12  Supply Depot  
  72  6:15  Supply Depot  
  72  6:16  Starport Reactor  
  74  6:22  Siege Tank x2  
  74  6:24  SCV x2  
  82  6:26  Factory, Barracks Reactor  
  82  6:27  SCV  
  82  6:29  Factory  
  83  6:36  Hellion x2  
  83  6:39  SCV x2  
  88  6:41  Infernal Pre-Igniter, Supply Depot  
  88  6:53  SCV x2  
  90  6:58  Supply Depot  
  90  6:59  Thor, Supply Depot  
  96  7:09  Thor  
  96  7:15  SCV x3  
  97  7:17  Factory Tech Lab  
  97  7:26  Viking x2  
  97  7:27  Hellion x2  
  97  7:29  SCV x3  
  108  7:35  Supply Depot  
  108  7:36  Supply Depot  
  108  7:38  Siege Tank  
  108  7:41  SCV x3  
  114  7:45  Engineering Bay  
  114  7:54  Terran Vehicle Weapons Level 2  
  114  7:55  Terran Vehicle And Ship Armor Level 2  
  114  7:59  Viking x2  
  114  8:01  SCV x2  
  114  8:05  Supply Depot  
  106  8:08  Supply Depot  
  106  8:10  Siege Tank x2  
  112  8:14  Missile Turret  
  112  8:18  Siege Tank  
  112  8:19  Hellion x2  
  119  8:24  Missile Turret  
  117  8:35  Viking x2  
  117  8:37  Missile Turret  
  120  8:42  Supply Depot  
  117  8:51  Siege Tank x2  
  117  8:52  Hellion x2  
  117  8:54  SCV x3  
  130  8:57  Supply Depot  
  130  8:59  Smart Servos  
  130  9:00  Supply Depot  
  129  9:06  Viking x2  
  133  9:11  SCV x3  
  133  9:15  Siege Tank  
  143  9:17  Hellion x2  
  143  9:20  Hellion  
  143  9:22  Hellion  
  143  9:24  Hellion  
  149  9:28  Siege Tank  
  152  9:32  Hellion x6  
  152  9:41  Viking x2, Command Center  
  152  9:45  Siege Tank  
  159  9:50  Factory  
  159  9:51  Factory  
  159  10:05  Hellion, Siege Tank x2  
  159  10:06  Hellion x2  
  169  10:23  Siege Tank  
  169  10:24  Hellion  
  164  10:37  Siege Tank x2  
  164  10:41  SCV x3, Missile Turret  
  167  10:45  Hellion x2  
  162  10:52  Factory Reactor, Factory Tech Lab  
  162  10:54  Hellion x2  
  162  10:55  Siege Tank  
  137  11:06  Hellion  
  137  11:07  Hellion  
  137  11:09  Siege Tank  
  134  11:22  SCV x2  
  134  11:23  Hellion x2  
  139  11:52  Hellion x2, Siege Tank  
  80  12:11  Hellion x3, Siege Tank  
  89  12:18  Siege Tank  
  67  12:34  Hellion  
Show
View Real Time Build Order
Export as new Build Order

Silky Zerg - Winner!

Build Orders: Hatch First, Muta Ling Bane 

Get SALT Encoding   

  12  0:00  Drone  
  13  0:12  Overlord  
  13  0:17  Drone  
  14  0:30  Drone  
  14  0:31  Drone  
  16  0:47  Hatchery  
  15  0:51  Drone  
  15  0:54  Drone  
  17  0:58  Drone  
  18  1:08  Extractor  
  17  1:14  Spawning Pool  
  17  1:16  Drone  
  17  1:20  Drone  
  18  1:27  Drone  
  19  1:38  Drone  
  20  1:48  Overlord  
  20  2:00  Queen x2  
  20  2:01  Zergling x4  
  26  2:10  Drone x2  
  26  2:11  Metabolic Boost  
  28  2:30  Hatchery  
  28  2:33  Drone  
  28  2:34  Drone  
  29  2:44  Overlord  
  29  2:46  Drone x2  
  31  2:51  Queen  
  31  2:56  Drone  
  34  3:05  Drone x4  
  38  3:11  Overlord  
  38  3:17  Drone x3  
  41  3:22  Drone  
  41  3:26  Drone  
  43  3:29  Queen  
  43  3:33  Zergling x2  
  46  3:36  Drone  
  46  3:41  Overlord  
  47  3:42  Drone x3  
  47  3:46  Queen  
  52  3:50  Drone x3  
  52  3:53  Drone x2  
  57  3:58  Lair  
  57  4:01  Drone x2  
  59  4:05  Baneling Nest  
  59  4:09  Queen  
  60  4:13  Overlord  
  60  4:14  Drone  
  60  4:15  Drone  
  62  4:17  Drone  
  62  4:21  Drone x3  
  66  4:27  Overlord  
  66  4:30  Queen  
  68  4:32  Zergling x4  
  68  4:33  Spore Crawler  
  68  4:34  Zergling x4  
  69  4:56  Drone x11  
  73  5:00  Drone x2  
  73  5:01  Drone  
  73  5:05  Drone x2  
  78  5:08  Centrifical Hooks  
  78  5:13  Extractor  
  78  5:14  Drone x2  
  79  5:15  Extractor  
  79  5:16  Extractor, Drone  
  78  5:22  Drone  
  79  5:29  Overlord  
  79  5:30  Drone  
  78  5:40  Zergling x2  
  78  5:41  Hatchery, Zergling x6  
  81  5:48  Drone x4  
  81  5:49  Drone  
  85  5:52  Evolution Chamber  
  85  5:53  Evolution Chamber, Drone x2  
  85  5:54  Drone  
  85  5:55  Drone x3  
  89  5:58  Extractor  
  89  6:01  Drone  
  89  6:06  Overlord x2  
  89  6:14  Overlord  
  89  6:17  Extractor, Drone, Spire  
  89  6:18  Drone  
  89  6:20  Zerg Ground Armor Level 1  
  89  6:23  Overlord  
  89  6:25  Zergling x2  
  89  6:26  Zergling x16  
  98  6:39  Zergling x8  
  102  6:42  Overseer  
  102  6:45  Zergling x8  
  106  6:52  Zergling x10  
  111  6:55  Hatchery  
  111  6:57  Baneling x5  
  111  6:58  Baneling x6  
  110  7:02  Zergling x6  
  110  7:03  Zergling x2  
  113  7:08  Overseer  
  110  7:17  Drone x4  
  110  7:22  Roach Warren  
  113  7:24  Overlord  
  113  7:26  Drone  
  113  7:29  Mutalisk x5  
  116  7:31  Baneling x2  
  116  7:33  Overlord  
  116  7:36  Drone x3, Zerg Missile Weapons Level 1  
  127  7:46  Overlord  
  127  7:50  Drone  
  127  7:51  Drone x7  
  135  7:52  Overlord x2  
  133  8:01  Overlord  
  133  8:02  Drone x4  
  133  8:03  Glial Reconstitution, Drone  
  133  8:05  Infestation Pit  
  134  8:10  Roach x4  
  134  8:11  Roach x3  
  148  8:16  Overlord  
  148  8:17  Roach  
  148  8:18  Roach x3  
  148  8:19  Overlord  
  156  8:21  Overlord  
  156  8:23  Overlord  
  156  8:28  Overlord  
  156  8:31  Zerg Ground Armor Level 2  
  156  8:33  Roach  
  156  8:34  Roach x4  
  166  8:36  Overlord  
  166  8:37  Roach  
  166  8:38  Roach  
  170  8:46  Roach  
  170  8:47  Roach x5  
  182  8:51  Extractor  
  182  8:52  Extractor  
  180  8:57  Hive  
  180  9:00  Hatchery  
  179  9:03  Roach x5  
  179  9:04  Roach  
  179  9:06  Overlord  
  191  9:24  Burrow  
  191  9:25  Overseer  
  191  9:26  Ravager x2  
  191  9:27  Ravager x3  
  191  9:31  Baneling x4  
  192  10:06  Zerg Missile Weapons Level 2  
  192  10:08  Hydralisk Den  
  192  10:10  Viper x2, Drone  
  198  10:22  Overlord  
  192  10:30  Roach x4  
  172  10:51  Roach x9  
  186  10:57  Ravager x9  
  186  10:58  Zergling x14  
  197  11:06  Roach  
  197  11:08  Baneling x2  
  197  11:09  Overlord  
  187  11:19  Baneling x7  
  187  11:20  Baneling x7  
  187  11:25  Roach x6  
  197  11:28  Ravager x2  
  196  11:40  Roach  
  196  11:41  Roach  
  155  12:02  Roach x11, Zergling x2  
  155  12:03  Zergling x22  
  163  12:08  Roach  
  163  12:13  Roach x7  
  163  12:14  Roach x2  
  173  12:15  Zergling x2  
  173  12:16  Zergling x12  
  173  12:22  Hatchery  
  163  12:30  Zergling x2  
  163  12:31  Hatchery, Zergling x8  
  163  12:32  Ravager  
  163  12:36  Zergling x6  
  163  12:37  Zergling x2  
  172  12:42  Roach x3  
  172  12:43  Roach  
  173  12:56  Extractor  
  173  12:57  Extractor  
Tags
 
Add a new tag
Caveats
  • Supply blocks, unpowered buildings, or Contaminate may cause inaccurate times.
  • Supply counts are checked every 10 seconds.